 Dungeon Crawl Stone Soup version 0.21.1-1-g345015f (webtiles) character file.

214 diana the Ruffian (level 5, -1/53 HPs)
             Began as a Troll Monk on May 25, 2018.
             Slain by Crazy Yiuf
             ... wielding a +3 quarterstaff of chaos
              (14 damage)
             ... on level 3 of the Dungeon.
             The game lasted 00:07:15 (2197 turns).

diana the Ruffian (Troll Monk)                      Turns: 2197, Time: 00:07:16

Health: -1/53      AC:  5    Str: 19    XL:     5   Next: 60%
Magic:  4/4        EV: 11    Int:  6    God:
Gold:   164        SH:  0    Dex: 13    Spells: 4/4 levels left

rFire    . . .     SeeInvis .     - Unarmed
rCold    . . .     Gourm    +   (no shield)
rNeg     . . .     Faith    .   a - +0 robe
rPois    +         Spirit   .   (helmet restricted)
rElec    .         Reflect  .   (no cloak)
rCorr    .         Harm     .   (gloves unavailable)
MR       .....                  (boots unavailable)
Stlth    ++........             (no amulet)
HPRegen  0.57/turn              m - ring of poison resistance
MPRegen  0.09/turn              (no ring)

@: very slightly contaminated, invisible
A: large, unfitting armour, claws 3, fast metabolism 3, gourmand, regeneration
1, shaggy fur 1, tough skin 2
a: no special abilities


You were on level 3 of the Dungeon.
You were not hungry.

You visited 1 branch of the dungeon, and saw 3 of its levels.

You collected 164 gold pieces.

Inventory:

Missiles
 s - 2 throwing nets (quivered)
Armour
 a - a +0 robe (worn)
Jewellery
 m - a ring of poison resistance (left claw)
Scrolls
 d - a scroll of noise {unknown}
 e - 3 scrolls of identify {unknown}
 f - 5 scrolls of remove curse {unknown}
 h - a scroll of enchant armour {unknown}
 i - a scroll of magic mapping {unknown}
 k - 2 scrolls of teleportation {unknown}
 n - a scroll of random uselessness {unknown}
 u - 3 scrolls of immolation {unknown}
 w - a scroll of enchant weapon {unknown}
Potions
 c - a potion of invisibility
 g - a potion of flight {unknown}
 j - 2 potions of agility {unknown}
 l - a potion of brilliance {unknown}
 o - a potion of haste {unknown}
 p - 2 potions of resistance {unknown}
 q - a potion of magic {unknown}
 r - 3 potions of degeneration {unknown}
 t - 2 potions of curing {unknown}
 v - a potion of cancellation {unknown}
Comestibles
 b - 7 rations


   Skills:
 + Level 3.3 Fighting
 + Level 0.5 Armour
 + Level 3.3 Dodging
 - Level 1.0 Stealth
 * Level 4.9 Unarmed Combat


You had 4 spell levels left.
You didn't know any spells.

Dungeon Overview and Level Annotations

Branches:
Dungeon (3/15)

Altars:
Ashenzari
Elyvilon
Sif Muna

Annotations:
D:3 Crazy Yiuf


Innate Abilities, Weirdness & Mutations

You are too large for most types of armour.
You have claws for hands.
Your metabolism is lightning-fast.
You like to eat raw meat.
Your natural rate of healing is unusually fast.
You are covered in fur. (AC +1)
You have very tough skin. (AC +2)


Message History

Crazy Yiuf hits you with a quarterstaff of chaos!
You are electrocuted!
Crazy Yiuf hits you with a quarterstaff of chaos!
* * * LOW HITPOINT WARNING * * *
You can move again.
You fade into invisibility!
Crazy Yiuf closely misses you.
You are very lightly contaminated with residual magic.
You scratch Crazy Yiuf.
Crazy Yiuf is heavily wounded.
You claw Crazy Yiuf!
Crazy Yiuf is almost dead.
You are too injured to fight recklessly!
You barely miss Crazy Yiuf.
Crazy Yiuf is almost dead.
Crazy Yiuf barely misses you.
You barely miss Crazy Yiuf.
Crazy Yiuf is almost dead.
Crazy Yiuf hits you with a quarterstaff of chaos!
You die...

######## ##### ♣♣####
#......# #)..#♣♣
♣♣..#.## #####.####.#
#.@.'.♣♣♣♣......#
#.........##
#g..#♣..♣.......#
#.........#
#####♣♣♣[♣...#..#
##.........# ♣♣♣♣♣##.##
##.........# #.#
.#.........######## ##.#
.#####.######.<##.###
#..# ..## #.#
#..).....## #.## #..#
#.#####.........######.#


You could see Crazy Yiuf.

Vanquished Creatures
  An orc priest (D:3)
  Natasha (D:2)
  3 gnolls (D:2)
  3 adders
  An ooze (D:3)
  A worm (D:2)
  5 dart slugs
  2 leopard geckos (D:1)
  7 orcs
  7 bats
  4 giant cockroaches
  13 goblins
  9 hobgoblins
  3 jackals (D:1)
  A quokka (D:3)
  3 frilled lizards
  3 kobolds
  8 rats
75 creatures vanquished.

Vanquished Creatures (others)
  A fungus (D:2)
  4 plants (D:2)
5 creatures vanquished.

Grand Total: 80 creatures vanquished

Notes
Turn   | Place    | Note
-------+----------+-------------------------------------------
     0 | D:1      | diana the Troll Monk began the quest for the Orb.
     0 | D:1      | Reached XP level 1. HP: 22/22 MP: 0/0
   141 | D:1      | Reached XP level 2. HP: 11/29 MP: 1/1
   465 | D:1      | Reached XP level 3. HP: 35/36 MP: 2/2
   693 | D:2      | Found a deep blue altar of Sif Muna.
   801 | D:2      | Reached skill level 4 in Unarmed Combat
   838 | D:2      | Found a shattered altar of Ashenzari.
   842 | D:2      | Saw a vision of the Swamp and the Snake Pit.
   842 | D:2      | Noticed a naga warrior
   842 | D:2      | Noticed a swamp drake
   842 | D:2      | Noticed a black mamba
   842 | D:2      | Noticed a swamp drake
   842 | D:2      | Noticed an alligator
   842 | D:2      | Noticed an alligator
   842 | D:2      | Noticed a naga mage
   842 | D:2      | Noticed a guardian serpent
   843 | D:2      | Noticed a shock serpent
   844 | D:2      | Noticed a naga sharpshooter
   844 | D:2      | Noticed a naga
   904 | D:2      | Noticed Natasha
   910 | D:2      | Killed Natasha
   910 | D:2      | Reached XP level 4. HP: 37/45 MP: 3/3
  1458 | D:2      | Found a white marble altar of Elyvilon.
  1507 | D:2      | Reached XP level 5. HP: 41/53 MP: 4/4
  1592 | D:3      | Found a runed door.
  2182 | D:3      | Noticed Crazy Yiuf
  2188 | D:3      | Paralysed by Crazy Yiuf for 2 turns
  2197 | D:3      | Slain by Crazy Yiuf

Skill      XL: |  1  2  3 |
---------------+----------+-----
Unarmed Combat | 4 |  4.9
Fighting       | 3 |  3.3
Dodging        | 3 |  3.3
Armour         | |  0.5
Stealth        | |  1.0

Action                   |  1- 3 |  4- 6 || total
-------------------------+-------+-------++-------
Melee: Unarmed           |    98 |    85 ||   183
       Punch             |     2 |     3 ||     5
  Use: Potion            |       |     1 ||     1
 Stab: Sleeping          |     2 |       ||     2
       Distracted        |     1 |       ||     1
  Eat: Chunk             |     6 |     9 ||    15
       Ration            |       |     1 ||     1
Armor: Robe              |    35 |    27 ||    62
Dodge: Dodged            |    74 |    52 ||   126
